 Dungeon Crawl Stone Soup version 0.28.0-53-g5a82cb258f (webtiles) character file.

Game seed: 13117133146999144979

69687 ILmort the Warrior (level 14, 0/146 HPs)
             Began as a Minotaur Berserker on Aug 11, 2022.
             Was a High Priest of Trog.
             Shot with an arrow by a centaur warrior (3 damage)
             ... on level 13 of the Dungeon.
             The game lasted 01:21:46 (22352 turns).

ILmort the Warrior (Minotaur Berserker)            Turns: 22352, Time: 01:21:47

Health: 0/146      AC: 33    Str: 26    XL:     14   Next: 91%
Magic:  13/13      EV: 12    Int:  6    God:    Trog [*****.]
Gold:   1324       SH:  5    Dex: 11    Spells: 13/13 levels left

rFire   . . .      SeeInvis .   b - +4 whip (drain)
rCold   . . .      Faith    .   (no shield)
rNeg    . . .      Spirit   .   B - +7 plate armour "Toqute Pejo" {Rampage rCorr Slay+3 Stlth-}
rPois   +          Reflect  +   (helmet unavailable)
rElec   .          Harm     .   s - +0 cloak
rCorr   +          Rampage  +   D - +1 pair of gloves {Stlth+}
Will    +....                   w - +0 pair of boots
Stlth   ..........              N - amulet of reflection
HPRegen 0.34/turn               g - +4 ring of protection
MPRegen 0.13/turn               l - ring of poison resistance

@: no status effects
A: horns 3, retaliatory headbutt, talons 1, clever 1, passive freeze
a: Renounce Religion, Berserk, Trog's Hand, Brothers in Arms


You were on level 13 of the Dungeon.
You worshipped Trog.
Trog was extremely pleased with you.
You visited 2 branches of the dungeon, and saw 19 of its levels.

You collected 1324 gold pieces.

Inventory:

Hand Weapons
 a - a +0 mace
 b - a +4 whip of draining (weapon)
 v - a +3 whip of flaming
 E - a +4 eveningstar of freezing
 U - a +2 mace of draining
 V - a +5 antimagic broad axe
Missiles
 C - a throwing net (quivered)
 X - 2 boomerangs of dispersal
Armour
 s - a +0 cloak (worn)
 w - a +0 pair of boots (worn)
 x - the +0 robe of the New World {-Cast rElec rPois Stlth+}
   (You found it on level 5 of the Dungeon)

   rElec:     It insulates you from electricity.
   rPois:     It protects you from poison.
   -Cast:     It prevents spellcasting.
   Stlth:     It makes you more stealthy.
 B - the +7 plate armour "Toqute Pejo" (worn) {Rampage rCorr Slay+3 Stlth-}
   (You found it on level 6 of the Dungeon)

   Slay:      It affects your accuracy & damage with ranged weapons and melee
   (+3).
   rCorr:     It protects you from acid and corrosion.
   Rampage:   It bestows one free step when moving towards enemies.
   Stlth:     It makes you less stealthy.
 D - a +1 pair of gloves of stealth (worn)
 H - a +0 tower shield
Jewellery
 f - a ring of fire
 g - a +4 ring of protection (left hand)
 h - an amulet of faith
 l - a ring of poison resistance (right hand)
 y - a ring of flight
 G - a +6 ring of dexterity
 I - a ring of protection from fire
 N - an amulet of reflection (around neck)
 O - a +4 ring of protection
 W - a ring of ice
Wands
 k - a wand of charming (10)
 m - a wand of acid (15)
 u - a wand of iceblast (18)
 J - a wand of flame (38)
 L - a wand of polymorph (5)
 R - a wand of paralysis (20)
 T - a wand of digging (6)
Scrolls
 d - 3 scrolls of fear
 e - 4 scrolls of amnesia
 q - 8 scrolls of teleportation
 r - 5 scrolls of enchant armour
 t - 8 scrolls of identify
 F - 2 scrolls of vulnerability
 M - a scroll of silence
 Q - 4 scrolls of brand weapon
 S - a scroll of fog
Potions
 c - 3 potions of attraction
 i - 9 potions of curing
 j - 6 potions of lignification
 n - a potion of degeneration
 o - 2 potions of brilliance
 p - 2 potions of heal wounds
 z - 3 potions of flight
 A - 17 potions of ambrosia
 K - 6 potions of might {unknown}
Miscellaneous
 P - a tin of tremorstones (2/2)


   Skills:
 * Level 19.2 Fighting
 - Level 14.6 Maces & Flails
 + Level 15.0 Armour
 + Level 14.2 Dodging


You had 13 spell levels left.
You didn't know any spells.
Your spell library was empty.

Dungeon Overview and Level Annotations

Branches:
Dungeon (13/15)            Temple (0/1) D:4            Lair (6/6) D:9
  Swamp (0/4) Lair:4       Spider (0/4) Lair:4        Slime (0/5) Lair:6
    Orc (0/2) D:11         Vaults (0/5) D:13

Altars:
Ashenzari
Cheibriados
Dithmenos
Elyvilon
Fedhas
Gozag
Hepliaklqana
Kikubaaqudgha
Qazlal
Ru
Sif Muna
Trog
Vehumet
Wu Jian
Yredelemnul
Zin
Jiyva

Shops:
D:3 [   D:13 !?


Innate Abilities, Weirdness & Mutations

You have a pair of large horns on your head.
You reflexively headbutt those who attack you in melee.
You have sharp toenails.
Your mind is acute. (Int +2)
A frigid envelope surrounds you and freezes all who hurt you.


Message History

The centaur warrior wields a +0 shortbow.
The centaur warrior shoots an arrow.
The arrow hits you.
You feel yourself speed up.
The centaur warrior shoots an arrow.
The arrow hits you but does no damage.
The centaur warrior shoots an arrow.
You reflect the arrow off an invisible shield around you!
The arrow hits the centaur warrior.
The centaur warrior shoots an arrow.
The arrow hits you but does no damage.
The centaur warrior shoots an arrow.
The arrow hits you.
The centaur warrior shoots an arrow.
The arrow hits you but does no damage.
You recover from your berserk rage.
The centaur warrior shoots an arrow.
The arrow hits you but does no damage.
The centaur warrior shoots an arrow.
You reflect the arrow off an invisible shield around you!
The arrow hits the centaur warrior!!
The centaur warrior shoots an arrow.
The arrow closely misses you.
The centaur warrior shoots an arrow.
The arrow hits you!
The centaur warrior shoots an arrow.
The arrow hits you!
* * * LOW HITPOINT WARNING * * *
Items here: )) [[.
The centaur warrior shoots an arrow.
The arrow closely misses you.
The centaur warrior shoots an arrow.
The arrow hits you!!
* * * LOW HITPOINT WARNING * * *
The centaur warrior shoots an arrow.
You reflect the arrow off an invisible shield around you!
The arrow hits the centaur warrior!
The centaur warrior shoots an arrow.
The arrow closely misses you.
The centaur warrior shoots an arrow.
The arrow barely misses you.
The skeletal warrior hits you with a +0 war axe.
* * * LOW HITPOINT WARNING * * *
The skeletal warrior resists.
The skeletal warrior is very cold.
The skeletal warrior is almost destroyed.
There is a stone staircase leading up here.
The centaur warrior shoots an arrow.
The arrow hits you!
* * * LOW HITPOINT WARNING * * *
The skeletal warrior hits you but does no damage.
The skeletal warrior resists.
The skeletal warrior is very cold.
The skeletal warrior is almost destroyed.
The centaur warrior shoots an arrow.
The arrow hits you.
You die...

####.............#
#.....#........##
...##⌠.⌠.......#
....#.∩....z...#
...##⌠.⌠....z..#
...###.........#
.....##........##
.........##..c)z##
.........##.....@#
...#......####..###
#.#......## #.....#
.∩...#..## ##...##
#.#..#### ##.##
...#.# ### .....#
.##### ##


You could see 3 skeletal warriors and a centaur warrior.

Vanquished Creatures
  Kirke (D:12)
  A fire dragon (D:11)
  Fannar (D:12)
  A vault guard (D:13)
  4 boulder beetles
  10 hydras
  3 centaur warriors (D:13)
  A death knight (D:11)
  9 death yaks
  3 two-headed ogres
  A tengu warrior (D:11)
  Urug (Lair:1)
  Sonja (D:12)
  A lindwurm (Lair:5)
  Pikel (D:6)
  2 deep elf pyromancers
  An ugly thing (D:13)
  4 cyclopes
  2 manticores
  4 black mambas
  6 elephants
  2 gargoyles
  24 cane toads
  3 rime drakes
  2 kobold demonologists
  3 komodo dragons
  2 trolls
  A polar bear (Lair:5)
  A queen bee (Lair:1)
  3 meliai (D:13)
  A tarantella (shapeshifter) (D:13)
  3 tyrant leeches (Lair:6)
  7 slime creatures (D:13)
  6 dream sheep (Lair:4)
  17 blink frogs
  A meliai zombie (D:11)
  2 shadows
  6 wyverns
  5 hogs (D:12)
  2 wraiths (D:13)
  39 yaks
  9 basilisks
  2 steam dragons
  2 redbacks (Lair:4)
  8 vampire mosquitoes
  17 water moccasins
  4 orc warriors
  3 ice beasts
  A necrophage (D:5)
  3 black bears
  3 ogres
  16 wolves
  11 centaurs
  2 lemures (D:6)
  2 phantoms
  3 kobold brigands
  14 bullfrogs
  2 scorpions
  35 killer bees
  9 wights
  5 howler monkeys
  2 electric eels (Lair:6)
  8 centaur zombies
  6 hounds
  6 jellies
  A bullfrog skeleton (D:7)
  5 orc priests
  Crazy Yiuf (D:4)
  A gnoll shaman (D:8)
  2 centaur skeletons
  An iguana (D:6)
  7 orc wizards
  2 hound skeletons (D:4)
  2 howler monkey zombies
  16 gnolls
  A howler monkey skeleton (D:5)
  9 adders
  A white imp (D:8)
  An ufetubus (D:6)
  An adder skeleton (D:5)
  3 worms
  The ghost of glosham the Skirmisher, a weakling DjCA of Ignis (D:3)
  25 orcs
  3 ball pythons
  6 endoplasms
  2 giant cockroaches
  5 goblins
  6 hobgoblins
  3 jackals (D:5)
  6 quokkas
  5 bats
  2 frilled lizards
  A giant cockroach zombie (D:3)
  A jackal zombie (D:3)
  15 kobolds
  5 rats
  2 butterflies
503 creatures vanquished.

Vanquished Creatures (others)
  A human (D:12)
  22 fungi
  77 plants
100 creatures vanquished.

Grand Total: 603 creatures vanquished

Notes
Turn   | Place    | Note
-------+----------+-------------------------------------------
     0 | D:1      | ILmort the Minotaur Berserker began the quest for the Orb.
     0 | D:1      | Reached XP level 1. HP: 19/19 MP: 0/0
   653 | D:1      | Reached XP level 2. HP: 26/26 MP: 1/1
   779 | D:1      | You fall into a shaft and drop 1 floor!
  1311 | D:2      | Reached skill level 5 in Maces & Flails
  1318 | D:2      | Reached XP level 3. HP: 31/31 MP: 2/2
  1398 | D:2      | Noticed a scorpion
  1406 | D:2      | Killed a scorpion
  1407 | D:2      | Reached XP level 4. HP: 34/39 MP: 3/3
  2128 | D:3      | Reached XP level 5. HP: 45/45 MP: 4/4
  2383 | D:3      | Reached ** piety under Trog
  2402 | D:3      | Found a faded altar of an unknown god.
  2629 | D:3      | Found Henetaq's Antique Armour Emporium.
  3020 | D:3      | Found a runed translucent gate.
  3020 | D:3      | Found a runed translucent gate.
  3020 | D:3      | Found a runed translucent gate.
  3020 | D:3      | Noticed glosham's ghost (weakling DjCA)
  3022 | D:3      | Found a basalt altar of Yredelemnul.
  3045 | D:3      | Killed glosham's ghost
  3359 | D:3      | Reached XP level 6. HP: 44/51 MP: 5/5
  3498 | D:3      | Found an ancient bone altar of Kikubaaqudgha.
  3996 | D:4      | Reached skill level 4 in Fighting
  3996 | D:4      | Reached XP level 7. HP: 56/59 MP: 6/6
  4041 | D:4      | Found a radiant altar of Vehumet.
  4042 | D:4      | Found an ornate altar of the Wu Jian Council.
  4049 | D:4      | Found an opulent altar of Gozag.
  4050 | D:4      | Found a shimmering blue altar of Sif Muna.
  4297 | D:4      | Reached skill level 5 in Fighting
  4497 | D:4      | Found a broken altar of Ashenzari.
  4501 | D:4      | Saw a vision of the Swamp and the Spider Nest.
  4501 | D:4      | Noticed a vampire mosquito
  4501 | D:4      | Noticed a goliath frog
  4501 | D:4      | Noticed a wolf spider
  4501 | D:4      | Noticed a redback
  4501 | D:4      | Noticed a redback
  4501 | D:4      | Noticed a vampire mosquito
  4501 | D:4      | Noticed a vampire mosquito
  4503 | D:4      | Noticed a redback
  4504 | D:4      | Noticed a redback
  4620 | D:4      | Found a runed translucent door.
  4621 | D:4      | Noticed Crazy Yiuf
  4670 | D:4      | Killed Crazy Yiuf
  4871 | D:4      | Found a staircase to the Ecumenical Temple.
  4989 | D:5      | Entered Level 5 of the Dungeon
  5022 | D:5      | Noticed Pikel
  5177 | D:6      | Killed Pikel
  5178 | D:6      | Reached skill level 7 in Fighting
  5178 | D:6      | Reached skill level 10 in Maces & Flails
  5178 | D:6      | Reached XP level 8. HP: 58/73 MP: 7/7
  5433 | D:6      | Reached skill level 5 in Armour
  5520 | D:5      | Reached *** piety under Trog
  5716 | D:5      | Reached skill level 8 in Fighting
  6126 | D:5      | Reached XP level 9. HP: 64/82 MP: 8/8
  6298 | D:5      | Identified the +0 robe of the New World {-Cast rElec rPois
                  | Stlth+}
  6490 | D:6      | Reached skill level 9 in Fighting
  6608 | D:6      | Identified the +7 plate armour "Toqute Pejo" {Rampage rCorr
                  | Slay+3 Stlth-}
  7129 | D:6      | Found a bloodstained altar of Trog.
  7964 | D:7      | Found a white marble altar of Elyvilon.
  8111 | D:7      | Reached skill level 10 in Fighting
  8225 | D:7      | Found a shadowy altar of Dithmenos.
  8237 | D:7      | Found a blossoming altar of Fedhas.
  8393 | D:7      | Found a glowing silver altar of Zin.
  8393 | D:7      | Found a snail-covered altar of Cheibriados.
  8481 | D:7      | Found a sacrificial altar of Ru.
  8586 | D:7      | Reached **** piety under Trog
  9026 | D:7      | Gained mutation: Your mind is acute. (Int +2) [potion of
                  | mutation]
  9026 | D:7      | Gained mutation: A frigid envelope surrounds you and
                  | freezes all who hurt you. [potion of mutation]
  9026 | D:7      | Gained mutation: You have sharp toenails. [potion of
                  | mutation]
  9026 | D:7      | Gained mutation: You have a pair of large horns on your
                  | head. [potion of mutation]
  9199 | D:8      | Reached skill level 11 in Fighting
  9243 | D:8      | Reached XP level 10. HP: 95/95 MP: 9/9
  9882 | D:8      | Found a hazy altar of Hepliaklqana.
 10149 | D:9      | Noticed a gargoyle
 10296 | D:9      | Noticed an elephant
 10306 | D:9      | Killed an elephant
 10307 | D:9      | Reached skill level 12 in Fighting
 10312 | D:9      | Killed a gargoyle
 11033 | D:9      | Found a staircase to the Lair.
 11280 | Lair:1   | Entered Level 1 of the Lair of Beasts
 11448 | Lair:1   | Noticed a cane toad
 11457 | Lair:1   | Killed a cane toad
 11481 | Lair:1   | Noticed Urug
 11488 | Lair:1   | Reached skill level 13 in Fighting
 11492 | Lair:1   | Reached XP level 11. HP: 104/107 MP: 10/10
 11496 | Lair:1   | Killed Urug
 11531 | Lair:1   | Reached skill level 5 in Dodging
 12142 | Lair:1   | Reached skill level 10 in Armour
 12481 | Lair:2   | Noticed a four-headed hydra
 12488 | Lair:2   | Killed a four-headed hydra
 12489 | Lair:2   | Reached skill level 14 in Fighting
 12934 | Lair:2   | Reached ***** piety under Trog
 13045 | Lair:2   | Noticed a death yak
 13046 | Lair:2   | Noticed a death yak
 13046 | Lair:2   | Noticed a death yak
 13070 | Lair:2   | Killed a death yak
 13076 | Lair:2   | Killed a death yak
 13085 | Lair:2   | Reached XP level 12. HP: 118/118 MP: 11/11
 13092 | Lair:2   | Killed a death yak
 13093 | Lair:2   | Reached skill level 15 in Fighting
 13789 | Lair:3   | Noticed a seven-headed hydra
 13798 | Lair:3   | Killed a seven-headed hydra
 14195 | Lair:3   | Noticed a five-headed hydra
 14205 | Lair:3   | Killed a five-headed hydra
 14727 | Lair:4   | Noticed a boulder beetle
 14750 | Lair:4   | Killed a boulder beetle
 14819 | Lair:4   | Found a staircase to the Swamp.
 14893 | Lair:4   | Reached skill level 16 in Fighting
 15456 | Lair:4   | Found a hole to the Spider Nest.
 15872 | Lair:5   | Received a gift from Trog
 16153 | Lair:5   | Noticed a death yak
 16157 | Lair:5   | Noticed a death yak
 16157 | Lair:5   | Noticed a death yak
 16160 | Lair:5   | Reached XP level 13. HP: 92/130 MP: 12/12
 16802 | Lair:6   | Entered Level 6 of the Lair of Beasts
 16829 | Lair:6   | Reached skill level 10 in Dodging
 17185 | Lair:6   | Reached skill level 17 in Fighting
 17841 | Lair:6   | Found a staircase to the Slime Pits.
 17842 | Lair:6   | Found a viscous altar of Jiyva.
 18268 | D:10     | Entered Level 10 of the Dungeon
 18564 | D:10     | Received a gift from Trog
 18585 | D:10     | Reached XP level 14. HP: 141/141 MP: 13/13
 19393 | D:11     | Found a stormy altar of Qazlal.
 19766 | D:11     | Reached skill level 18 in Fighting
 20350 | D:11     | Found a staircase to the Orcish Mines.
 20637 | D:12     | Noticed Fannar
 20649 | D:12     | Killed Fannar
 20792 | D:12     | Noticed Kirke
 20825 | D:12     | Killed Kirke
 20885 | D:12     | Noticed Sonja
 20887 | D:12     | Killed Sonja
 21924 | D:13     | Found Soucs's Magic Scroll Boutique.
 21930 | D:13     | Found Waopniaja's Distillery.
 22122 | D:13     | Reached skill level 19 in Fighting
 22131 | D:13     | Identified the +7 quarterstaff of the Eggplant {venom, rC+
                  | Str+3}
 22179 | D:13     | Found a gate to the Vaults.
 22277 | D:13     | Reached skill level 15 in Armour
 22352 | D:13     | HP: 3/146 [centaur warrior/arrow (14)]
 22352 | D:13     | Shot with an arrow by a centaur warrior

Illustrated notes

Levels and vault maps discovered:
D:1:      dpeg_arrival_shelter, layout_loops_corners, corexii_hall_statues_s,
          minmay_split_cup_small
D:2:      layout_loops_cross
D:3:      cheibrodos_thug_alley, layout_rooms, nicolae_yredelemnul_ghost_church,
          lemuel_doored_altar, shapermc_ecumenical_altar_totnotflames,
          serial_shops, nicolae_shop_waterfront, due_unseen_surprise
D:4:      layout_loops_ring, grunt_ashenzari_visionary
          [grunt_ashenzari_visionary_swamp, grunt_ashenzari_visionary_spider],
          minitemple, minmay_temple_entry_antechambers, uniq_crazy_yiuf_cottage
D:5:      minmay_chambers_of_fours, layout_rooms, nicolae_ossuary_entry_ruins,
          uniq_pikel
D:6:      layout_gridville, trog_hazing_becter
D:7:      layout_basic, nicolae_ru_awakened_eye, fedhas_bush_and_centaur_altar,
          mainiacjoe_overflow_paths, grunt_dithmenos_smoke,
          mainiacjoe_overflow_divided_tiny, enter_bailey_8, bh_walls_and_bars
D:8:      layout_gridville, lemuel_coloured_pillars_altar, serial_park_tiny_pond
D:9:      layout_cave_pools, david_lair_generic
D:10:     layout_loops_ring, library_closet, hex_medium,
          minmay_stone_trees_small
D:11:     minmay_bloctagon, layout_irregular_city, orc_0_dummy,
          minmay_misc_feat_enclosed, grunt_qazlal_clouds
D:12:     layout_loops_ring, uniq_kirke, uniq_sonja, uniq_fannar
D:13:     layout_cave_pools, david_vaults_5, serial_shops,
          nicolae_shop_bloodbath_and_beyond, kennysheep_little_box,
          shop_fountains, nicolae_shop_advertising_works
          [nicolae_subvault_shop_adworks],
          nicolae_concentric_dashed_squares_wild
Lair:1:   layout_misc_corridors, special_room [special_room_bee],
          lemuel_fruit_fields, uniq_urug
Lair:2:   layout_cave_shapes, serial_bayou_shore_b, grunt_megastairs_4,
          lemuel_fruit_tree
Lair:3:   layout_small_grid, patterned_corridor
Lair:4:   layout_long_grid, minmay_swamp_entry_reptiles, spider_nest_entry_webs,
          nzn_sisyphean_effort
Lair:5:   layout_regular_city, serial_bayou_shore_b, serial_bayou_shore_b
Lair:6:   minmay_lair_end_frog_pond, layout_regular_city, slime_altar_1,
          lemuel_fruit_fields

Skill      XL: |  1  2  3  4  5  6  7  8  9 10 11 12 13 14 |
---------------+-------------------------------------------+-----
Maces & Flails | 4 5 6 7 8 9 10 11 12 13 14 | 14.6
Fighting       | 4 7 8 11 13 14 16 17 19 | 19.2
Armour         | 4 6 7 9 10 12 13 15 | 15.0
Dodging        | 4 6 9 12 14 | 14.2

Action                   |  1- 3 |  4- 6 |  7- 9 | 10-12 | 13-15 || total
-------------------------+-------+-------+-------+-------+-------++-------
Melee: Mace              |    41 |   152 |    56 |       |       ||   249
       Headbutt          |     4 |    20 |    47 |    74 |   190 ||   335
       Punch             |       |     3 |     5 |     5 |    13 ||    26
       Whip              |       |       |   223 |   417 |   652 ||  1292
       Kick              |       |       |     8 |     6 |       ||    14
Invok: Berserk           |     1 |       |     5 |     9 |    15 ||    30
       Trog's Hand       |       |       |       |       |     3 ||     3
  Use: Scroll            |       |       |    17 |     3 |     6 ||    26
       Potion            |       |       |     1 |     2 |     1 ||     4
 Stab: Sleeping          |     1 |     1 |       |       |       ||     2
Armor: Animal skin       |     5 |    48 |    38 |       |       ||    91
       Plate armour      |       |       |    49 |   193 |   300 ||   542
Dodge: Dodged            |    22 |    68 |    97 |   108 |   252 ||   547
Block: Other             |       |       |       |       |   118 ||   118
       Reflection        |       |       |       |       |    13 ||    13
